 Dungeon Crawl Stone Soup version 0.29-a0-284-gf9362112df (webtiles) character file.

Game seed: 14542986978696953474

9754 sammy202020 the Fighter (level 11, -11/145 HPs)
             Began as a Demonspawn Berserker on Mar 22, 2022.
             Was an Elder of Trog.
             Mangled by a skeletal warrior
             ... wielding a +0 halberd
             ... led by a death knight
              (14 damage)
             ... on level 12 of the Dungeon.
             The game lasted 00:20:50 (13784 turns).

sammy202020 the Fighter (Demonspawn Berserker)     Turns: 13784, Time: 00:20:50

Health: -11/145    AC: 23    Str: 20    XL:     11   Next: 27%
Magic:  0/11       EV: 12    Int: 10    God:    Trog [****..]
Gold:   192        SH:  0    Dex: 13    Spells: 10/10 levels left

rFire   . . .      SeeInvis +   T - +0 war axe (flame)
rCold   . . .      Faith    .   (no shield)
rNeg    . . .      Spirit   +   L - +5 scale mail of Esuhitu {rPois rF- SInv}
rPois   +          Reflect  .   D - +0 helmet
rElec   .          Harm     .   Q - +1 cloak
rCorr   .          Rampage  .   (no gloves)
Will    +++..                   (no boots)
Stlth   ..........              M - amulet of the acrobat
HPRegen 1.34/turn               N - ring of protection from fire
MPRegen 0.24/turn               G - ring of willpower

@: mighty, berserking (expiring), strong-willed (expiring), sanguine armoured,
regenerating (expiring), very quick
A: hooves 2, magic shield, magic regeneration, magic link, sanguine armour 1,
demonic magic 1, robust 1, shaggy fur 1, wild magic 1, MP-powered wands
a: Renounce Religion, Berserk, Trog's Hand, Brothers in Arms


You were on level 12 of the Dungeon.
You worshipped Trog.
Trog was greatly pleased with you.
You visited 1 branch of the dungeon, and saw 12 of its levels.
You also visited: Sewer.

You collected 566 gold pieces.
You spent 374 gold pieces at shops.

Inventory:

Hand Weapons
 q - the +7 dagger of Mumnonis {flame, rPois}
   (You found it on level 4 of the Dungeon)

   It burns those it strikes, dealing additional fire damage.
   rPois:     It protects you from poison.
 J - a +1 morningstar of protection
 T - a +0 war axe of flaming (weapon)
Missiles
 s - a curare-tipped dart (quivered)
 t - 20 poisoned darts
 x - a throwing net
 B - 4 javelins
Armour
 D - a +0 helmet (worn)
 H - +0 ice dragon scales
 L - the +5 scale mail of Esuhitu (worn) {rPois rF- SInv}
   (You bought it in a shop on level 3 of the Dungeon)

   rF:        It makes you vulnerable to fire.
   rPois:     It protects you from poison.
   SInv:      It lets you see invisible.
 Q - a +1 cloak (worn)
Jewellery
 c - a ring of resist corrosion
 f - a +6 ring of dexterity
 i - a +6 ring of strength
 o - a ring of positive energy
 A - a +6 ring of intelligence
 G - a ring of willpower (right hand)
 I - a ring of willpower
 M - an amulet of the acrobat (around neck)
 N - a ring of protection from fire (left hand)
Wands
 v - a wand of iceblast (3)
 z - a wand of flame (30)
 F - a wand of mindburst (23)
 O - a wand of paralysis (2)
Scrolls
 a - a scroll of identify
 g - 5 scrolls of fear
 h - a scroll of brand weapon
 r - 4 scrolls of enchant armour
 u - 5 scrolls of teleportation
 y - a scroll of magic mapping
 P - 2 scrolls of blinking
Potions
 b - a potion of invisibility
 d - 3 potions of resistance
 k - a potion of lignification
 l - a potion of ambrosia
 m - 5 potions of curing
 n - a potion of heal wounds
 p - 2 potions of attraction
 w - a potion of magic
 C - a potion of might
 E - 2 potions of flight {unknown}
 K - a potion of berserk rage {unknown}
 R - a potion of brilliance {unknown}
Miscellaneous
 e - a lightning rod (4/4)


   Skills:
 * Level 9.0 Fighting
 * Level 8.2 Axes
 * Level 8.0 Armour
 + Level 5.7 Dodging
 * Level 7.4 Shields
 + Level 0.8 Evocations


You had 10 spell levels left.
You didn't know any spells.
Your spell library was empty.

Dungeon Overview and Level Annotations

Branches:
Dungeon (12/15)            Temple (0/1) D:4            Lair (0/6) D:9
  Sewer (visited)
    Orc: D:9-12

Altars:
Zin

Shops:
D:1 [   D:3 [   D:7 (


Innate Abilities, Weirdness & Mutations

You have hoof-like feet.
When hurt, damage is shared between your health and your magic reserves.
You regenerate magic rapidly.
When low on magic, you restore magic in place of health.
When seriously injured, your blood forms armour. (AC +6)
Spells you cast may paralyse adjacent enemies.
You are robust. (+10% HP)
You are covered in fur. (AC +1)
Your spells are a little harder to cast, but a little more powerful.
You expend magic power (3 MP) to strengthen your wands.


Message History

The vampire mosquito bites you!
* * * LOW HITPOINT WARNING * * *
The vampire mosquito draws strength from your injuries!
The skeletal warrior hits you but does no damage.
The vampire mosquito bites you but does no damage.
You hit the skeletal warrior. You burn the skeletal warrior.
Your kick misses the skeletal warrior.
The skeletal warrior is lightly damaged.
You hit the vampire mosquito. You burn the vampire mosquito.
The vampire mosquito bites you but does no damage.
You completely miss the skeletal warrior.
The skeletal warrior is lightly damaged.
You miss the vampire mosquito.
The vampire mosquito closely misses you.
The skeletal warrior hits you with a +0 halberd!!
* * * LOW HITPOINT WARNING * * *
You closely miss the skeletal warrior. Your kick misses the skeletal warrior.
The skeletal warrior is lightly damaged.
You barely miss the vampire mosquito. The vampire mosquito bites you.
* * * LOW HITPOINT WARNING * * *
The vampire mosquito draws strength from your injuries!
The skeletal warrior barely misses you. The vampire mosquito bites you.
* * * LOW HITPOINT WARNING * * *
The vampire mosquito draws strength from your injuries!
You hit the skeletal warrior but do no damage.
You kick the skeletal warrior!
The skeletal warrior is moderately damaged.
You barely miss the vampire mosquito.
The vampire mosquito bites you but does no damage.
The skeletal warrior hits you but does no damage.
You barely miss the skeletal warrior. Your kick misses the skeletal warrior.
The skeletal warrior is moderately damaged.
You barely miss the vampire mosquito.
You feel the effects of Trog's Hand fading.
The vampire mosquito barely misses you.
You closely miss the skeletal warrior. Your kick misses the skeletal warrior.
The skeletal warrior is moderately damaged.
You closely miss the vampire mosquito. The vampire mosquito barely misses you.
The skeletal warrior hits you with a +0 halberd!
You die...

##..##.......#......
...
##.##.#.....##.#...
... ##..........
##...#.......
#...###......
##...##......
#....#.......
##...yz......
####@#.y.... #.#
#y... ### ... .


You could see a skeletal warrior and a vampire mosquito.

Vanquished Creatures
  A death knight (D:12)
  An ugly thing (D:9)
  2 manticores
  2 gargoyles
  An unseen horror (D:11)
  A hornet (D:10)
  Sigmund (D:5)
  9 yaks (D:10)
  2 shadows
  Eustachio (D:6)
  A vampire (D:9)
  2 wraiths
  2 wyverns (D:10)
  A steam dragon (D:9)
  3 vampire mosquitoes (D:12)
  2 water moccasins (D:7)
  2 orc warriors
  3 black bears (D:6)
  An ice beast (D:8)
  An ogre (D:5)
  6 centaurs
  A phantom (D:6)
  4 kobold brigands
  5 bullfrogs
  A necrophage (D:6)
  3 scorpions
  3 wights (D:7)
  11 killer bees (D:11)
  2 howler monkeys
  A gnoll shaman (D:9)
  4 hounds
  3 jellies
  Crazy Yiuf (D:4)
  3 orc priests (D:7)
  4 iguanas
  7 orc wizards
  13 gnolls
  A river rat (Sewer)
  12 adders
  A white imp (D:7)
  2 ufetubi
  4 worms
  23 orcs
  9 ball pythons
  8 endoplasms
  6 giant cockroaches
  4 goblins
  2 hobgoblins
  4 jackals (D:4)
  17 kobolds
  6 quokkas
  7 bats
  6 frilled lizards
  10 rats
  A spectral goblin (D:1)
234 creatures vanquished.

Notes
Turn   | Place    | Note
-------+----------+-------------------------------------------
     0 | D:1      | sammy202020 the Demonspawn Berserker began the quest for
                  | the Orb.
     0 | D:1      | Reached XP level 1. HP: 18/18 MP: 1/1
   286 | D:1      | Found Nuangeer's Armour Shop.
   293 | D:1      | Gained mutation: When seriously injured, your blood forms
                  | armour. (AC +6) [demonic ancestry]
   293 | D:1      | Reached XP level 2. HP: 16/24 MP: 2/2
   860 | D:1      | Found a faded altar of an unknown god.
  1068 | D:1      | Reached XP level 3. HP: 29/29 MP: 3/3
  1070 | D:1      | Reached ** piety under Trog
  1775 | D:2      | Gained mutation: Spells you cast may paralyse adjacent
                  | enemies. [demonic ancestry]
  1775 | D:2      | Reached XP level 4. HP: 11/37 MP: 4/4
  3255 | D:3      | Found Bekhlu's Armour Shop.
  3627 | D:4      | Reached skill level 4 in Fighting
  3627 | D:4      | Gained mutation: You have large cloven feet. [demonic
                  | ancestry]
  3627 | D:4      | Reached XP level 5. HP: 37/42 MP: 5/5
  3763 | D:4      | Reached skill level 1 in Shields
  3968 | D:4      | Reached *** piety under Trog
  4094 | D:4      | Reached XP level 6. HP: 47/49 MP: 6/6
  4174 | D:4      | Found a glowing drain.
  4197 | Sewer    | Entered a sewer
  4581 | Sewer    | Gained mutation: You regenerate magic rapidly. [demonic
                  | ancestry]
  4581 | Sewer    | Reached XP level 7. HP: 41/55 MP: 7/7
  4790 | D:4      | Found a staircase to the Ecumenical Temple.
  4823 | D:4      | Identified the +7 dagger of Mumnonis {flame, rPois}
  5121 | D:4      | Found a runed translucent door.
  5122 | D:4      | Noticed Crazy Yiuf
  5128 | D:4      | Killed Crazy Yiuf
  5237 | D:5      | Entered Level 5 of the Dungeon
  5305 | D:5      | Reached skill level 5 in Fighting
  5611 | D:5      | Noticed Sigmund
  5618 | D:5      | Killed Sigmund
  5619 | D:5      | Gained mutation: You have hoof-like feet. [demonic
                  | ancestry]
  5619 | D:5      | Reached XP level 8. HP: 63/63 MP: 8/8
  5771 | D:5      | Reached skill level 5 in Axes
  6385 | D:6      | Noticed Eustachio
  6396 | D:6      | Killed Eustachio
  6397 | D:6      | Reached skill level 6 in Fighting
  6397 | D:6      | Reached skill level 5 in Armour
  6485 | D:6      | Reached **** piety under Trog
  6795 | D:6      | Reached XP level 9. HP: 69/71 MP: 9/9
  7628 | D:7      | Reached skill level 5 in Shields
  8309 | D:7      | Found Plog's Antique Weapon Boutique.
  8461 | D:8      | Reached skill level 7 in Fighting
  9847 | D:3      | Bought the +5 scale mail of Esuhitu {rPois rF- SInv} for
                  | 374 gold pieces
 10039 | D:9      | Noticed a white ugly thing
 10050 | D:9      | Killed a white ugly thing
 10051 | D:9      | Gained mutation: When hurt, damage is shared between your
                  | health and your magic reserves. [demonic ancestry]
 10051 | D:9      | Reached XP level 10. HP: 74/79 MP: 10/10
 10084 | D:9      | Found a staircase to the Lair.
 10595 | D:9      | Noticed a tengu warrior
 10596 | D:9      | Noticed a red ugly thing
 11068 | D:9      | Identified the +7 war axe of Tizi {holy, rPois Str+6 Dex-4}
 11089 | D:10     | Entered Level 10 of the Dungeon
 11445 | D:10     | Reached skill level 5 in Dodging
 11449 | D:10     | Reached skill level 8 in Fighting
 12195 | D:10     | Noticed a gargoyle
 12208 | D:10     | Killed a gargoyle
 12998 | D:11     | Noticed a manticore
 13007 | D:11     | Killed a manticore
 13008 | D:11     | Gained mutation: When low on magic, you restore magic in
                  | place of health. [demonic ancestry]
 13008 | D:11     | Reached XP level 11. HP: 73/87 MP: 7/11
 13242 | D:11     | Gained mutation: You are frail. (-10% HP) [potion of
                  | mutation]
 13242 | D:11     | Gained mutation: Your muscles are strong. (Str +2) [potion
                  | of mutation]
 13242 | D:11     | Gained mutation: You are agile. (Dex +2) [potion of
                  | mutation]
 13243 | D:11     | Lost mutation: You are agile. (Dex +2) [potion of mutation]
 13243 | D:11     | Lost mutation: Your muscles are strong. (Str +2) [potion of
                  | mutation]
 13243 | D:11     | Lost mutation: You are frail. (-10% HP) [potion of
                  | mutation]
 13243 | D:11     | Gained mutation: Your body sometimes deteriorates upon
                  | taking damage. [potion of mutation]
 13244 | D:11     | Lost mutation: Your body sometimes deteriorates upon taking
                  | damage. [potion of mutation]
 13244 | D:11     | Gained mutation: Your spells are a little harder to cast,
                  | but a little more powerful. [potion of mutation]
 13244 | D:11     | Gained mutation: You are robust. (+10% HP) [potion of
                  | mutation]
 13244 | D:11     | Gained mutation: You expend magic power (3 MP) to
                  | strengthen your wands. [potion of mutation]
 13244 | D:11     | Gained mutation: You are covered in fur. (AC +1) [potion of
                  | mutation]
 13751 | D:12     | Noticed a death knight
 13757 | D:12     | Noticed a skeletal warrior
 13774 | D:12     | Killed a death knight
 13775 | D:12     | Reached skill level 9 in Fighting
 13780 | D:12     | HP: 4/145 [skeletal warrior/+0 halberd[a death knight]
                  | (20)]
 13781 | D:12     | HP: 1/145 [vampire mosquito (1)]
 13784 | D:12     | Mangled by a skeletal warrior

Illustrated notes

Levels and vault maps discovered:
D:1:      dpeg_arrival_triangle_fractal, layout_basic,
          dreamdust_ecumenical_altar_drowned_temple, serial_shops, shop,
          minivault_19
D:2:      layout_rooms
D:3:      layout_basic, serial_shops, shop
D:4:      layout_loops_ring, minmay_temple_entry_hall,
          cheibrodos_sewer_entry_bend, uniq_crazy_yiuf_cottage
D:5:      layout_gridville, uniq_sigmund
D:6:      layout_basic, uniq_eustachio
D:7:      layout_layer_cave, serial_shops, nicolae_lakefront_shop
D:8:      nicolae_cairo_tiling_very_big, layout_loops_ring, zin_treasury
D:9:      layout_gridville, lair_entry_dummy, chequers_garden,
          lightli_corner_chamber
D:10:     layout_grid_maze
D:11:     layout_basic
D:12:     layout_cave_pools, hiddenorc1_lemuel, chequers_serial_rivers_small_a

Skill      XL: |  1  2  3  4  5  6  7  8  9 10 11 |
---------------+----------------------------------+-----
Armour         | 2 3 4 5 6 7 8 |  8.0
Dodging        | 2 3 4 5 |  5.7
Axes           | 3 4 5 6 8 |  8.2
Fighting       | 4 5 6 7 8 9 |  9.0
Shields        | 1 2 3 4 5 7 |  7.4
Evocations     | |  0.8

Action                   |  1- 3 |  4- 6 |  7- 9 | 10-12 || total
-------------------------+-------+-------+-------+-------++-------
Melee: Hand axe          |   129 |   202 |   305 |   192 ||   828
       Punch             |       |     3 |     4 |     2 ||     9
       Kick              |       |    27 |    92 |    93 ||   212
       War axe           |       |       |       |    74 ||    74
Invok: Berserk           |     1 |     1 |     2 |     3 ||     7
       Trog's Hand       |       |     2 |     2 |     2 ||     6
  Use: Scroll            |       |    10 |    11 |     5 ||    26
       Potion            |       |       |       |     4 ||     4
Armor: Animal skin       |    28 |     5 |       |       ||    33
       Plate armour      |       |   139 |   234 |       ||   373
       Scale mail        |       |     9 |     4 |   174 ||   187
Dodge: Dodged            |    87 |    92 |   155 |   248 ||   582

Table legend: (Time is in decaauts)
 A = Elapsed time spent in this place.
 B = Non-inter-level travel time spent in this place.
 C = Inter-level travel time spent in this place.
 D = Time resting spent in this place.
 E = Time spent auto-exploring this place.
 F = Levels seen in this place.
 G = Mean time per level.
                   A        B        C        D        E       F      G
               +--------+--------+--------+--------+--------+-----+--------+
         Total |  13972 |  13353 |    619 |     53 |  10964 |  13 | 1074.8 |
       Dungeon |  13342 |  12723 |    619 |     53 |  10528 |  12 | 1111.8 |
         Sewer |    629 |    629 |      0 |      0 |    435 |   1 |  629.0 |
               +--------+--------+--------+--------+--------+-----+--------+

Top non-repeatable levels by time:
     D:7: 1547 daAuts
     D:1: 1531 daAuts
     D:9: 1516 daAuts
    D:10: 1385 daAuts
     D:3: 1196 daAuts
     D:4: 1127 daAuts
     D:2: 1039 daAuts
     D:5: 988 daAuts
     D:8: 900 daAuts
    D:11: 855 daAuts
     D:6: 790 daAuts
   Sewer: 629 daAuts
    D:12: 464 daAuts
